 Dungeon Crawl Stone Soup version 0.17-a0-1636-g3119f2b (webtiles) character file.

18 urechis the Changer (level 2, -2/25 HPs)
             Began as a Naga Transmuter on Aug 5, 2015.
             Slain by Jessica (4 damage)
             ... on level 2 of the Dungeon.
             The game lasted 00:02:36 (1048 turns).

urechis the Changer (Naga Transmuter)               Turns: 1048, Time: 00:02:36

Health: -2/25      AC:  1    Str: 12    XL:     2   Next: 70%
Magic:  4/5        EV: 10    Int: 13    God:
Gold:   82         SH:  0    Dex: 11    Spells: 2 memorised, 2 levels left

rFire  . . .     SeeInvis +       - Unarmed
rCold  . . .     Clarity  .     b - +0 robe
rNeg   + . .     SustAt   .     (no shield)
rPois  +         Gourm    .     (no helmet)
rElec  .         Spirit   .     (no cloak)
rCorr  .         Warding  .     (no gloves)
rMut   +         Stasis   .     (no barding)
MR     .....                    f - amulet of resist mutation
Stlth  +.........               (no ring)
                                k - ring of positive energy

@: short of breath, appendage (expiring), very slow, not resistant to hostile
enchantments, very unstealthy
A: horns 2, see invisible, deformed body, poison resistance, slowness 2, slow
metabolism 1, spit poison 2, AC +0
a: Spit Poison, End Transformation


You were on level 2 of the Dungeon.
You were not hungry.
You had grown temporary horns.
You visited 1 branch of the dungeon, and saw 2 of its levels.

You collected 82 gold pieces.

Inventory:

Missiles
 a - 12 arrows
Armour
 b - a +0 robe (worn)
Jewellery
 f - an amulet of resist mutation (around neck)
 k - a ring of positive energy (left hand)
Scrolls
 e - a scroll of enchant weapon {unknown}
 g - a scroll of remove curse {unknown}
 h - a scroll of teleportation {unknown}
 j - a scroll of recharging {unknown}
 l - a scroll of amnesia {unknown}
Potions
 i - a potion of degeneration {unknown}
Books
 c - a book of Changes

   Spells                             Type                      Level
   a - Beastly Appendage              Transmutation                1
   b - Sticks to Snakes               Transmutation                2
   c - Spider Form                    Transmutation/Poison         3
   d - Ice Form                       Ice/Transmutation            4
   e - Blade Hands                    Transmutation                5
Comestibles
 d - a bread ration


   Skills:
 - Level 1.0 Fighting
 - Level 1.5 Dodging
 - Level 3.0 Unarmed Combat
 - Level 2.0 Spellcasting
 + Level 3.2 Transmutations


You had 2 spell levels left.
You knew the following spells:

 Your Spells              Type           Power        Failure   Level  Hunger
a - Beastly Appendage     Trmt           #.....       10%         1    ##.....
b - Sticks to Snakes      Trmt           #.........   12%         2    ###....


Dungeon Overview and Level Annotations

Branches:
Dungeon (2/15)

Altars:
Xom

Annotations:
D:2 Jessica


Innate Abilities, Weirdness & Mutations

You cannot wear boots.
Your serpentine skin is tough (AC +0).
You have supernaturally acute eyesight.
Armour fits poorly on your strangely shaped body.
Your system is resistant to poisons.
You cover ground very slowly.
You have a slow metabolism.
You can spit poison.
You have a pair of horns on your head.


Message History

Jessica is moderately wounded.
Jessica closely misses you.
You barely miss Jessica.
Jessica is moderately wounded.
Your transformation is almost over.
Jessica barely misses you.
Jessica points at you and mumbles some strange words.
Pain shoots through your body!
Ouch! That really hurt!
* * * LOW HITPOINT WARNING * * *
You hit Jessica.
Jessica is severely wounded.
Jessica hits you.
* * * LOW HITPOINT WARNING * * *
Use which ability? (? or * to list)
Press: ? - help, Shift-Dir - straight line, f - Jessica
Aim: Jessica, wearing a robe (severely wounded, fast)
The splash of poison misses Jessica.
You feel slightly more hungry. Jessica hits you.
You die...

.#.##..# .##.#..#####.#
..............
###.....#####.##
##.............#
#.#.#..######..#
.##.#..######..#
###.#..........########
#.#.###.>....@@.....#
#.#.. ..####.######....
#.# #.# # #.# #.# #.#
#.# #.##########.#
#....).......#
##############


You could see Jessica.

Vanquished Creatures
  3 bats (D:1)
  4 giant cockroaches
  3 hobgoblins
  2 kobolds (D:1)
  2 giant newts
  3 goblins (D:1)
  A rat (D:1)
18 creatures vanquished.

Notes
Turn   | Place    | Note
--------------------------------------------------------------
     0 | D:1      | urechis the Naga Transmuter began the quest for the Orb.
     0 | D:1      | Reached XP level 1. HP: 18/18 MP: 3/3
   282 | D:1      | Reached XP level 2. HP: 23/25 MP: 5/5
   899 | D:1      | Learned a level 2 spell: Sticks to Snakes
   906 | D:2      | Found a shimmering altar of Xom.
  1037 | D:2      | Noticed Jessica
  1048 | D:2      | Slain by Jessica

Vault maps used:
D:1:      dpeg_arrival_erosion
D:2:      xom_butterflies, lemuel_round_altar, uniq_jessica

Action                   || total
-------------------------++-------
Melee: Unarmed           ||    82
 Cast: Beastly Appendage ||     2
 Abil: Spit Poison       ||     4
